 Dungeon Crawl Stone Soup version 0.22-a0-407-gb098539 (webtiles) character file.

94833 dstrtnsr the Severer (level 16, -3/157 HPs)
             Began as a Hill Orc Berserker on May 9, 2018.
             Was an Elder of Trog.
             Slain by the 27-headed Lernaean hydra (8 damage)
             ... on level 4 of the Swamp.
             The game lasted 00:25:12 (23036 turns).

dstrtnsr the Severer (Hill Orc Berserker)          Turns: 23036, Time: 00:25:12

Health: -3/157     AC: 28    Str: 27    XL:     16   Next: 12%
Magic:  16/16      EV: 10    Int: 16    God:    Trog [****..]
Gold:   1262       SH: 18    Dex:  7    Spells: 15/15 levels left

rFire    + + +     SeeInvis .   O - +9 broad axe of Resumed Hostilities {chop, *Rage rPois rF+++ Int+9 Dex-3}
rCold    . . .     Gourm    .   u - +1 shield {AC+3}
rNeg     . . .     Faith    .   H - +0 plate armour
rPois    +         Spirit   .   o - +2 helmet
rElec    .         Reflect  +   a - +2 cloak {+Inv}
rCorr    .         Harm     .   r - +2 pair of gloves
MR       ++...     Rnd*Rage +   (no boots)
Stlth    ..........             R - +4 amulet of reflection
HPRegen  0.36/turn              (no ring)
MPRegen  0.15/turn              m - ring of protection from magic

@: lethally poisoned (-3 -> -4), berserk cooldown, slowed, very slow
A: no striking features
a: Berserk, Trog's Hand, Brothers in Arms, Renounce Religion, Evoke Invisibility


You were on level 4 of the Swamp.
You worshipped Trog.
Trog was greatly pleased with you.
You were hungry.

You visited 3 branches of the dungeon, and saw 21 of its levels.

You collected 1382 gold pieces.
You spent 120 gold pieces at shops.

Inventory:

Hand Weapons
 O - the +9 broad axe of Resumed Hostilities (weapon) {chop, *Rage rPois rF+++ Int+9 Dex-3}
   (Trog gifted it to you on level 6 of the Lair of Beasts)

   It inflicts extra damage upon your enemies.
   It affects your intelligence (+9).
   It affects your dexterity (-3).
   It renders you almost immune to fire.
   It protects you from poison.
   It may make you go berserk in combat.
Missiles
 Q - a throwing net (quivered)
Armour
 a - a +2 cloak of invisibility (worn)
 o - a +2 helmet (worn)
 r - a +2 pair of gloves (worn)
 t - a +1 scale mail of positive energy
 u - a +1 shield of protection (worn)
 H - a +0 plate armour (worn)
Jewellery
 f - an uncursed ring of protection from fire
 m - a ring of protection from magic (right hand)
 s - an uncursed ring of protection from fire
 R - a +4 amulet of reflection (around neck)
Wands
 d - a wand of clouds (8)
 C - a wand of acid (12)
 D - a wand of disintegration (11)
 E - a wand of enslavement (8)
 G - a wand of scattershot (4)
 M - a wand of polymorph (11)
 P - a wand of paralysis (12)
 V - a wand of digging (25)
Scrolls
 j - 8 scrolls of magic mapping
 p - 3 scrolls of fog
 q - a scroll of acquirement {unknown}
 w - 2 scrolls of immolation
 x - 8 scrolls of remove curse {@r2}
 y - 5 scrolls of teleportation {!d}
 B - a scroll of holy word
 I - 2 scrolls of fear
 J - a scroll of enchant weapon {unknown}
 K - a scroll of summoning {unknown}
 L - a scroll of silence
 N - 2 scrolls of torment
 S - 2 scrolls of identify {@r1}
Potions
 b - 8 potions of curing {@q1}
 i - a potion of lignification
 k - 3 potions of berserk rage
 l - 2 potions of might
 v - 3 potions of mutation
 z - 2 potions of heal wounds
 A - 2 potions of flight
 F - a potion of cancellation
Miscellaneous
 n - a lamp of fire
Comestibles
 c - 4 chunks of flesh
 e - 11 rations {!d}


   Skills:
 * Level 18.0 Fighting
 - Level 18.0 Axes
 + Level 11.4 Armour
 + Level 8.9 Dodging
 * Level 12.8 Shields


You had 15 spell levels left.
You didn't know any spells.

Dungeon Overview and Level Annotations

Branches:
Dungeon (11/15)            Temple (0/1) D:5            Lair (6/6) D:11
  Swamp (4/4) Lair:3       Spider (0/4) Lair:2          Orc (0/2) D:9
  Slime: Lair:5-6

Altars:
Gozag
Sif Muna

Shops:
D:4 *

Annotations:
D:8 1 exclusion
Lair:5 exclusion: oklob plant
Swamp:2 exclusion: Roxanne, Roxanne
Swamp:4 Lernaean hydra; dstrtnsr's ghost, journeyman MiBe


Message History

You block the 27-headed Lernaean hydra's attack.
The 27-headed Lernaean hydra bites you but does no damage. x4
The 27-headed Lernaean hydra bites you! The 27-headed Lernaean hydra bites you.
The 27-headed Lernaean hydra bites you!
* * * LOW HITPOINT WARNING * * *
The 27-headed Lernaean hydra bites you but does no damage. x3
Your unstable footing causes you to fumble your attack.
You are too injured to fight recklessly!
You hack one of the 27-headed Lernaean hydra's heads off!
You carve the 26-headed Lernaean hydra like a ham!!!
The 26-headed Lernaean hydra is severely wounded.
You hack one of the eight-headed hydra's heads off!
The seven-headed hydra grows two more!
You slice the nine-headed hydra!! You barely miss the swamp drake.
You barely miss the vampire mosquito.
You feel sick.
You hear a roar!
You block the vampire mosquito's attack.
You block the nine-headed hydra's attack.
The nine-headed hydra bites you but does no damage. x4
You block the nine-headed hydra's attack.
The nine-headed hydra barely misses you.
The nine-headed hydra bites you.
* * * LOW HITPOINT WARNING * * *
You block the nine-headed hydra's attack.
The 26-headed Lernaean hydra bites you.
* * * LOW HITPOINT WARNING * * *
The 26-headed Lernaean hydra bites you.
* * * LOW HITPOINT WARNING * * *
The 26-headed Lernaean hydra bites you but does no damage. x3
The 26-headed Lernaean hydra barely misses you.
The 26-headed Lernaean hydra misses you.
The 26-headed Lernaean hydra completely misses you.
The 26-headed Lernaean hydra bites you.
* * * LOW HITPOINT WARNING * * *
The 26-headed Lernaean hydra bites you but does no damage. x2
You block the 26-headed Lernaean hydra's attack.
The 26-headed Lernaean hydra bites you!
* * * LOW HITPOINT WARNING * * *
The 26-headed Lernaean hydra barely misses you.
The 26-headed Lernaean hydra bites you.
* * * LOW HITPOINT WARNING * * *
The 26-headed Lernaean hydra bites you.
* * * LOW HITPOINT WARNING * * *
The 26-headed Lernaean hydra bites you but does no damage.
The 26-headed Lernaean hydra barely misses you.
The 26-headed Lernaean hydra bites you but does no damage. x2
The 26-headed Lernaean hydra bites you!
* * * LOW HITPOINT WARNING * * *
The 26-headed Lernaean hydra bites you but does no damage. x2
The 26-headed Lernaean hydra barely misses you.
The 26-headed Lernaean hydra bites you but does no damage.
The 26-headed Lernaean hydra bites you.
* * * LOW HITPOINT WARNING * * *
A swamp dragon comes into view.
You are too injured to fight recklessly!
Your unstable footing causes you to fumble your attack.
You are no longer berserk.
You are exhausted.
You feel yourself slow down.
The swamp drake breathes noxious fumes at you.
The noxious blast engulfs you!
You are too injured to fight recklessly!
You slice one of the 26-headed Lernaean hydra's heads off!
The 25-headed Lernaean hydra grows two more!
You slice the 27-headed Lernaean hydra!!
The 27-headed Lernaean hydra is almost dead.
You slash the vampire mosquito! x2; You slash the swamp drake!
You hack one of the nine-headed hydra's heads off!
The eight-headed hydra grows two more!
You hit the ten-headed hydra.
The vampire mosquito bites you but does no damage.
The vampire mosquito bites you.
* * * LOW HITPOINT WARNING * * *
The vampire mosquito draws strength from your injuries!
The ten-headed hydra bites you but does no damage.
You block the ten-headed hydra's attack.
The ten-headed hydra bites you but does no damage. x2
The ten-headed hydra barely misses you. The ten-headed hydra bites you.
* * * LOW HITPOINT WARNING * * *
The ten-headed hydra bites you but does no damage.
The ten-headed hydra bites you.
* * * LOW HITPOINT WARNING * * *
The ten-headed hydra bites you but does no damage. x2
The 27-headed Lernaean hydra closely misses you.
You block the 27-headed Lernaean hydra's attack.
The 27-headed Lernaean hydra bites you.
* * * LOW HITPOINT WARNING * * *
The 27-headed Lernaean hydra bites you.
* * * LOW HITPOINT WARNING * * *
The 27-headed Lernaean hydra bites you but does no damage.
You block the 27-headed Lernaean hydra's attack.
The 27-headed Lernaean hydra closely misses you.
The 27-headed Lernaean hydra misses you.
The 27-headed Lernaean hydra bites you but does no damage.
You block the 27-headed Lernaean hydra's attack.
The 27-headed Lernaean hydra bites you.
* * * LOW HITPOINT WARNING * * *
The 27-headed Lernaean hydra barely misses you.
The 27-headed Lernaean hydra bites you but does no damage. x3
The 27-headed Lernaean hydra bites you!
You die...

≈≈≈♣* *,≈≈,**♣.♣♣♣.k≈≈.♣♣♣♣≈≈≈,≈*
≈≈≈♣***,≈≈.♣♣...≈.≈≈≈≈..♣≈♣♣♣*,,≈
§.♣♣≈,,,,≈≈≈.♣..≈≈≈≈≈≈§.≈≈♣≈♣♣♣**
.≈♣,,≈≈,≈..≈..≈..≈≈≈≈≈.≈♣≈≈≈≈≈♣
≈..≈≈≈,**♣♣..≈.≈.≈≈≈.♣♣♣≈≈≈≈≈♣♣♣♣
≈....≈≈≈,D≈≈≈§≈≈§≈≈≈≈♣♣♣.♣♣≈≈♣§.♣
≈≈♣≈.≈≈≈,,,.DD§k§§§≈.♣..≈≈♣♣♣≈...
≈.♣*.≈≈,≈**,##§Dky§≈≈♣♣.≈≈≈.♣♣♣..
.≈♣≈,≈≈***,,,*#D@y≈≈.♣♣♣...≈♣♣≈≈≈
≈♣♣≈≈,≈**,,,,,##§W§.≈≈≈♣≈...≈♣≈≈≈
♣♣**≈***,,,,,,,#♣§§≈≈≈≈≈....≈≈≈≈≈
* *≈≈***,,,,,,,*#♣≈≈.≈≈.≈≈..≈≈§≈≈
***,***,,,,,,,,,*♣.≈≈§....≈≈≈≈≈≈≈
,**≈***,,,,,,,,,*#♣.≈♣♣♣♣♣≈.≈≈...
,,*≈,**,,,,,,,,,**♣≈≈.** ♣♣♣♣♣≈.≈
,,,≈≈***,,,,,,,**♣.....**** ♣♣≈≈≈
*≈,,≈≈****,,,****♣≈♣≈≈♣♣♣≈**♣.≈≈≈


You could see the 27-headed Lernaean hydra, a ten-headed hydra, 3 swamp dragons,
2 swamp drakes, 2 vampire mosquitoes and dstrtnsr's ghost.

Vanquished Creatures
  Nikola (Swamp:2)
  Jorgrun (Swamp:2)
  Frances (Swamp:1)
  2 thorn hunters (Swamp:3)
  A very ugly thing (Swamp:1)
  An ice dragon (Swamp:1)
  15 hydras
  Erica (D:9)
  A catoblepas (Lair:6)
  2 two-headed ogres
  A deep troll shaman (Lair:6)
  10 alligators
  9 death yaks (Lair:6)
  Sonja (Lair:1)
  A shambling mangrove (Swamp:3)
  9 swamp dragons
  2 cyclopes
  An ugly thing (D:11)
  The ghost of VDreamerV the Changer, a novice OpTm of Cheibriados (D:5)
  6 elephants (Lair:6)
  7 black mambas
  2 torpor snails (Lair:6)
  15 spiny frogs
  6 komodo dragons
  2 rime drakes (Lair:2)
  3 polar bears
  9 tyrant leeches
  10 hornets
  A troll (D:9)
  4 bog bodies
  Grinder (D:4)
  2 dream sheep (D:8)
  12 blink frogs
  11 hippogriffs
  7 spriggans
  A vampire (D:11)
  3 wyverns
  A basilisk (Lair:6)
  A hungry ghost (D:8)
  2 steam dragons
  20 yaks
  12 vampire mosquitoes
  14 swamp worms
  7 water moccasins
  20 insubstantial wisps
  8 porcupines
  2 ice beasts
  6 orc warriors
  11 swamp drakes
  4 black bears
  A hornet zombie (D:9)
  3 sky beasts
  2 phantoms
  3 centaurs
  5 ogres
  7 wolves
  11 crocodiles
  2 big kobolds (D:8)
  10 bullfrogs
  A gnoll sergeant (D:11)
  A wyvern zombie (D:8)
  A water moccasin zombie (D:9)
  2 scorpions
  16 killer bees
  10 wights
  4 howler monkeys
  2 crimson imps
  3 hounds
  2 jellies
  3 centaur zombies
  2 bullfrog skeletons
  4 orc priests
  14 orc wizards
  Crazy Yiuf (D:4)
  2 centaur skeletons
  5 worker ants
  3 iguanas
  Natasha (thrice) (D:4)
  4 hell rats (Lair:6)
  2 hound zombies
  A hound skeleton (D:9)
  A worker ant zombie (D:11)
  Robin (D:2)
  4 gnolls (D:11)
  6 river rats (Lair:6)
  11 adders
  An ooze (D:2)
  2 worms (D:2)
  A dart slug (D:1)
  8 leopard geckos
  45 orcs
  7 giant cockroaches
  10 goblins
  10 hobgoblins
  9 jackals
  4 kobolds
  4 quokkas
  2 ball pythons (D:3)
  4 bats
  3 frilled lizards
  A leopard gecko skeleton (D:5)
  A quokka zombie (D:6)
  6 rats
  4 fungi
  5 plants
551 creatures vanquished.

Vanquished Creatures (collateral kills)
  Nessos (Lair:5)
  A hydra (Swamp:4)
  An alligator (Swamp:4)
  A cyclops (D:11)
  A blink frog (Lair:5)
  A swamp drake (Swamp:4)
  A black bear (D:11)
  2 crocodiles (D:11)
  A scorpion (D:11)
  3 killer bees (D:11)
  A crimson imp (D:11)
14 creatures vanquished.

Vanquished Creatures (others)
  A bush (Lair:5)
  2 fungi
  3 plants (Lair:6)
  6 toadstools (D:3)
12 creatures vanquished.

Grand Total: 577 creatures vanquished

Notes
Turn   | Place    | Note
-------+----------+-------------------------------------------
     0 | D:1      | dstrtnsr the Hill Orc Berserker began the quest for the Orb.
     0 | D:1      | Reached XP level 1. HP: 19/19 MP: 1/1
   125 | D:2      | Reached XP level 2. HP: 25/27 MP: 2/2
   375 | D:2      | Reached skill level 5 in Axes
   376 | D:2      | Reached XP level 3. HP: 33/33 MP: 3/3
   414 | D:2      | Noticed Robin
   421 | D:2      | Reached ** piety under Trog
   430 | D:2      | Killed Robin
   575 | D:3      | Reached XP level 4. HP: 41/41 MP: 4/4
   627 | D:3      | Noticed an orc warrior
   641 | D:3      | HP: 22/61 [orc warrior/glaive (10)]
   648 | D:2      | Reached XP level 5. HP: 16/47 MP: 5/5
   648 | D:2      | HP: 2/70 [orc priest/divine providence (14)]
   649 | D:2      | Reached skill level 5 in Fighting
  1316 | D:3      | Killed an orc warrior
  1316 | D:3      | Reached XP level 6. HP: 56/56 MP: 6/6
  1550 | D:4      | Noticed Natasha
  1555 | D:4      | Killed Natasha
  1604 | D:4      | Reached XP level 7. HP: 57/63 MP: 7/7
  1614 | D:4      | Noticed Natasha
  1620 | D:4      | Killed Natasha
  1744 | D:4      | Found a runed door.
  1765 | D:4      | Found Xoaghek's General Store.
  1777 | D:4      | Bought a scroll of blinking for 82 gold pieces
  1777 | D:4      | Bought a scroll of magic mapping for 38 gold pieces
  1829 | D:4      | Reached *** piety under Trog
  1847 | D:4      | Noticed Grinder
  1857 | D:4      | Killed Grinder
  1975 | D:4      | Found a deep blue altar of Sif Muna.
  2139 | D:4      | Noticed Natasha
  2149 | D:4      | Killed Natasha
  2203 | D:4      | Reached skill level 10 in Axes
  2422 | D:4      | Noticed Crazy Yiuf
  2428 | D:4      | Killed Crazy Yiuf
  2508 | D:5      | Entered Level 5 of the Dungeon
  2592 | D:5      | Reached XP level 8. HP: 69/73 MP: 8/8
  2721 | D:5      | Found a staircase to the Ecumenical Temple.
  2779 | D:5      | Noticed a wyvern
  2785 | D:5      | Killed a wyvern
  3160 | D:5      | Noticed VDreamerV's ghost (novice OpTm)
  3178 | D:5      | Killed VDreamerV's ghost
  3465 | D:5      | Reached XP level 9. HP: 78/82 MP: 9/9
  4137 | D:7      | Reached **** piety under Trog
  4246 | D:7      | Noticed a cyclops
  4256 | D:7      | Killed a cyclops
  4804 | D:8      | Noticed a two-headed ogre
  4817 | D:8      | Killed a two-headed ogre
  4817 | D:8      | Reached skill level 10 in Fighting
  4820 | D:8      | Reached XP level 10. HP: 65/93 MP: 10/10
  5453 | D:8      | Reached skill level 15 in Axes
  6857 | D:9      | Found a staircase to the Orcish Mines.
  6864 | D:9      | Reached ***** piety under Trog
  6923 | D:9      | Noticed a two-headed ogre
  6934 | D:9      | Killed a two-headed ogre
  7046 | D:9      | Reached XP level 11. HP: 90/104 MP: 11/11
  7271 | D:9      | Noticed Erica
  7298 | D:9      | Killed Erica
  7641 | D:9      | Received a gift from Trog
  7722 | D:10     | Entered Level 10 of the Dungeon
  7783 | D:10     | Paralysed by a hornet for 2 turns
  8085 | D:10     | Reached skill level 5 in Armour
  8085 | D:10     | Reached XP level 12. HP: 115/115 MP: 12/12
  8742 | D:11     | Found a staircase to the Lair.
  9153 | D:11     | HP: 42/116 [killer bee (5)]
  9158 | D:11     | HP: 25/116 [poisoned by a killer bee]
  9165 | D:11     | HP: 10/116 [gnoll/halberd (4)]
  9186 | D:11     | HP: 20/116 [killer bee (3)]
  9192 | D:11     | HP: 18/116 [poisoned by a killer bee]
  9197 | D:11     | HP: 40/261 [poisoned by a killer bee]
  9199 | D:11     | Received a gift from Trog
  9202 | D:11     | HP: 40/261 [poisoned by a killer bee]
  9207 | D:11     | Reached skill level 5 in Dodging
  9211 | D:11     | HP: 41/261 [poisoned by a killer bee]
  9216 | D:11     | HP: 28/174 [poisoned by a killer bee]
  9592 | D:11     | Noticed a seven-headed hydra
  9607 | D:11     | Killed a 16-headed hydra
 10010 | Lair:1   | Entered Level 1 of the Lair of Beasts
 10153 | Lair:1   | Reached skill level 1 in Shields
 10229 | Lair:1   | Noticed Sonja
 10237 | Lair:1   | Killed Sonja
 10486 | Lair:1   | Noticed an eight-headed hydra
 10500 | Lair:1   | Killed a 17-headed hydra
 10500 | Lair:1   | Reached XP level 13. HP: 55/124 MP: 13/13
 12097 | Lair:2   | Found a hole to the Spider Nest.
 12361 | Lair:2   | Reached skill level 5 in Shields
 12944 | Lair:3   | Found a staircase to the Swamp.
 13217 | Lair:3   | HP: 67/187 [19-headed hydra (8)]
 14267 | Lair:4   | Found a labyrinth entrance.
 16190 | Lair:5   | Noticed Nessos
 16256 | Lair:5   | HP: 48/125 [Nessos (9)]
 16261 | Lair:5   | HP: 45/125 [Nessos (3)]
 16266 | Lair:5   | HP: 44/125 [poisoned by Nessos]
 16270 | Lair:5   | Killed Nessos
 16552 | Lair:5   | Found an opulent altar of Gozag.
 16599 | Lair:5   | Reached skill level 15 in Fighting
 16831 | Lair:5   | Reached XP level 14. HP: 129/135 MP: 14/14
 16974 | Lair:6   | Entered Level 6 of the Lair of Beasts
 18520 | Lair:6   | Received a gift from Trog
 18521 | Lair:6   | Got a jewelled broad axe {god gift}
 18525 | Lair:6   | Identified the +9 broad axe of Resumed Hostilities {chop, *Rage rPois rF+++ Int+9 Dex-3} (Trog gifted it to you on level 6 of the Lair of Beasts)
 19092 | Lair:6   | Reached skill level 10 in Shields
 19269 | Swamp:1  | Entered Level 1 of the Swamp
 19294 | Swamp:1  | Noticed Frances
 19313 | Swamp:1  | Killed Frances
 19313 | Swamp:1  | Reached skill level 10 in Armour
 19680 | Swamp:1  | Noticed a white very ugly thing
 19687 | Swamp:1  | Killed a white very ugly thing
 19814 | Swamp:1  | Found a frozen archway.
 19829 | Swamp:1  | Reached XP level 15. HP: 145/145 MP: 15/15
 19844 | Swamp:1  | HP: 46/145 [tyrant leech (21)]
 19852 | Swamp:1  | HP: 54/145 [swamp dragon (13)]
 20523 | Swamp:2  | Noticed Nikola
 20554 | Swamp:2  | Killed Nikola
 20560 | Swamp:2  | Noticed Jorgrun
 20572 | Swamp:2  | Killed Jorgrun
 20711 | Swamp:2  | HP: 58/147 [poisoned by a spiny frog]
 20716 | Swamp:2  | HP: 76/220 [poisoned by a spiny frog]
 20721 | Swamp:2  | HP: 51/220 [poisoned by a spiny frog]
 20726 | Swamp:2  | HP: 34/147 [poisoned by a spiny frog]
 20731 | Swamp:2  | HP: 33/147 [poisoned by a spiny frog]
 20736 | Swamp:2  | HP: 34/147 [poisoned by a spiny frog]
 20746 | Swamp:2  | HP: 33/147 [alligator[an alligator] (4)]
 21554 | Swamp:2  | Noticed Roxanne
 22148 | Swamp:4  | Entered Level 4 of the Swamp
 22257 | Swamp:4  | Noticed the 27-headed Lernaean hydra
 22262 | Swamp:4  | HP: 50/147 [alligator (17)]
 22266 | Swamp:4  | HP: 23/147 [alligator (10)]
 22361 | Swamp:4  | HP: 85/220 [four-headed hydra (7)]
 22364 | Swamp:3  | Noticed a thorn hunter
 22372 | Swamp:3  | HP: 48/147 [thorn hunter (8)]
 22381 | Swamp:3  | HP: 45/148 [thorn hunter/volley of thorns (24)]
 22382 | Swamp:3  | Killed a thorn hunter
 22386 | Swamp:3  | HP: 51/148 [alligator[an alligator] (2)]
 22784 | Swamp:3  | Noticed a thorn hunter
 22802 | Swamp:3  | Killed a thorn hunter
 22802 | Swamp:3  | Reached XP level 16. HP: 121/157 MP: 16/16
 23026 | Swamp:4  | Noticed dstrtnsr's ghost (journeyman MiBe)
 23030 | Swamp:4  | HP: 94/235 [the 27-headed Lernaean hydra (10)]
 23034 | Swamp:4  | HP: 45/235 [the 26-headed Lernaean hydra (2)]
 23036 | Swamp:4  | HP: 20/157 [vampire mosquito (3)]
 23036 | Swamp:4  | HP: 6/157 [the 27-headed Lernaean hydra (4)]
 23036 | Swamp:4  | Slain by the 27-headed Lernaean hydra

Vault maps used:
D:1:      zaba_arrival_water, minivault_25
D:2:      uniq_robin
D:3:      cheibrodos_fertilizer, first_ration, grunt_ministairs_1
D:4:      lemuel_round_altar, serial_shops, shop, uniq_grinder, uniq_natasha,
          uniq_crazy_yiuf_cottage
D:5:      minmay_temple_entry_mist
D:6:      minmay_misc_feat_alley, nicolae_underground_beach
D:8:      hangedman_ranch, hangedman_abyss_or_decor_lesser_grid
D:9:      kennysheep_windowed_halls, orc_0_dummy, uniq_erica
D:10:     minmay_misc_feat_roman
D:11:     minmay_lair_entry_grove
Lair:1:   uniq_sonja
Lair:2:   dummy_spider_entry, hibernation_bobbens, grunt_megastairs_3,
          serial_bayou_shore_b
Lair:3:   swamp_mist_pool
Lair:4:   lab_entry_generic, serial_bayou_shore_a, grunt_megastairs_1,
          infiniplex_staircase_pool
Lair:5:   dpeg_slime_entry_enclosed_altar, basic_altar,
          minmay_lair_oklob_bushes, uniq_nessos
Lair:6:   grunt_lair_end_beastmaster, grunt_forest_stairs_basic,
          kennysheep_abandoned_house
Swamp:1:  portal_ice_cave_entry_dragon, hangedman_swamp_blocks, uniq_frances
Swamp:2:  hangedman_swamp_lotus, ldierk_geyser, uniq_jorgrun, uniq_roxanne,
          uniq_nikola
Swamp:3:  evilmike_swamp_ruin_house_1, infiniplex_staircase_pool_2
Swamp:4:  swamp, swamp_pool3, hangedman_swamp_pad, uniq_louise

Skill      XL: |  1  2  3  4  5  6  7  8  9 10 11 12 13 14 15 16 |
---------------+-------------------------------------------------+-----
Fighting       | 4 5 6 7 8 10 11 13 14 15 16 17 18 | 18.0
Axes           | 5 6 7 8 10 12 14 16 17 18 | 18.0
Armour         | 5 7 9 10 11 | 11.4
Dodging        | 4 5 6 7 8 |  8.9
Shields        | 2 8 10 12 | 12.8

Action                   |  1- 3 |  4- 6 |  7- 9 | 10-12 | 13-15 | 16-18 || total
-------------------------+-------+-------+-------+-------+-------+-------++-------
Melee: Hand axe          |    53 |       |       |       |       |       ||    53
       War axe           |     3 |   109 |   243 |   501 |   725 |       ||  1581
       Broad axe         |       |       |       |       |   426 |    47 ||   473
Throw: Throwing net      |       |       |       |       |     1 |       ||     1
Invok: Berserk           |     2 |     6 |     9 |    18 |    29 |     1 ||    65
       Trog's Hand       |       |     1 |     1 |     2 |     7 |       ||    11
       Brothers in Arms  |       |       |       |     3 |     8 |       ||    11
Evoke: Wand              |       |       |       |       |    20 |       ||    20
  Use: Scroll            |       |     2 |     5 |    10 |    23 |       ||    40
       Potion            |       |       |       |     4 |    10 |       ||    14
 Stab: Petrified         |       |       |       |       |     1 |       ||     1
       Held in net/web   |       |       |       |       |     3 |       ||     3
  Eat: Chunk             |     1 |     6 |    15 |    25 |    33 |       ||    80
       Ration            |       |     1 |     1 |     4 |    11 |     1 ||    18
Armor: Animal skin       |     5 |       |       |       |       |       ||     5
       Ring mail         |    17 |       |       |       |       |       ||    17
       Chain mail        |       |    57 |   103 |       |       |       ||   160
       Plate armour      |       |       |       |   427 |   743 |   100 ||  1270
       Skin              |       |       |       |    15 |     6 |       ||    21
Dodge: Dodged            |    30 |    48 |    74 |   261 |   425 |    53 ||   891
Block: Shield            |       |       |       |    24 |   784 |    72 ||   880
       Reflection        |       |       |       |       |    11 |       ||    11

Table legend:
 A = Spawn XP
 B = Non-spawn XP
 C = Spawn XP percentage of total XP
 D = Spawn monster count
 E = Non-spawn monster count
 F = Spawn count percentage of total count
 G = Total turns spent on level
                    A         B        C        D         E        F      G
               +---------+---------+-------+---------+---------+-------+---------
         Total |       0 |  124394 |   0.0 |       0 |     556 |   0.0 | 23036
               +---------+---------+-------+---------+---------+-------+---------
           D:1 |       0 |       9 |   0.0 |       0 |       4 |   0.0 |   121
           D:2 |       0 |     175 |   0.0 |       0 |      33 |   0.0 |  1021
           D:3 |       0 |     379 |   0.0 |       0 |      32 |   0.0 |   446
           D:4 |       0 |     627 |   0.0 |       0 |      25 |   0.0 |  1008
           D:5 |       0 |    1163 |   0.0 |       0 |      12 |   0.0 |  1045
           D:6 |       0 |     235 |   0.0 |       0 |       6 |   0.0 |   463
           D:7 |       0 |     734 |   0.0 |       0 |       9 |   0.0 |   797
           D:8 |       0 |    3850 |   0.0 |       0 |      35 |   0.0 |  1746
           D:9 |       0 |    4753 |   0.0 |       0 |      39 |   0.0 |  1075
          D:10 |       0 |    1510 |   0.0 |       0 |      28 |   0.0 |   726
          D:11 |       0 |    5332 |   0.0 |       0 |      56 |   0.0 |  1562
        Lair:1 |       0 |    3989 |   0.0 |       0 |      10 |   0.0 |  1568
        Lair:2 |       0 |    5159 |   0.0 |       0 |      16 |   0.0 |  1337
        Lair:3 |       0 |    3720 |   0.0 |       0 |      13 |   0.0 |  1299
        Lair:4 |       0 |    3967 |   0.0 |       0 |      18 |   0.0 |  1333
        Lair:5 |       0 |    8006 |   0.0 |       0 |      25 |   0.0 |  1505
        Lair:6 |       0 |   22181 |   0.0 |       0 |      64 |   0.0 |  2217
       Swamp:1 |       0 |   14300 |   0.0 |       0 |      38 |   0.0 |  1026
       Swamp:2 |       0 |   18577 |   0.0 |       0 |      37 |   0.0 |  1321
       Swamp:3 |       0 |   18296 |   0.0 |       0 |      34 |   0.0 |  1144
       Swamp:4 |       0 |    7432 |   0.0 |       0 |      22 |   0.0 |   276
               +---------+---------+-------+---------+---------+-------+---------
